 Dungeon Crawl Stone Soup version 0.28-a0-1616-g050a50673c (webtiles) character file.

Game seed: 9602689296250636592

1470 oldriver the Tainter (level 8, 0/67 HPs)
             Began as a Naga Venom Mage on Jan 22, 2022.
             Was a Believer of the Shining One.
             Succumbed to a water moccasin's poison
             ... on level 5 of the Dungeon.
             The game lasted 00:10:56 (8846 turns).

oldriver the Tainter (Naga Venom Mage)              Turns: 8846, Time: 00:10:57

Health: 0/67       AC:  5    Str: 10    XL:     8   Next: 78%
Magic:  10/14      EV: 10    Int: 18    God:    the Shining One [**....]
Gold:   156        SH:  6    Dex: 12    Spells: 8/18 levels left

rFire   + . .      SeeInvis +   f - +1 dagger
rCold   + . .      Faith    .   (no shield)
rNeg    + . .      Spirit   .   g - +1 robe {rC+ rF+}
rPois   +          Reflect  .   c - +0 helmet
rElec   .          Harm     .   (no cloak)
rCorr   +          Rampage  .   (no gloves)
Will    +....                   (no barding)
Stlth   ++........              (no amulet)
HPRegen 0.21/turn               d - ring of resist corrosion
MPRegen 0.14/turn               (no ring)

@: lethally poisoned (0 -> -6), divinely shielded, glowing, very slow
A: AC +2, large, see invisible, deformed body, poison resistance, slowness 2,
spit poison 1, naga tail 1, low mp 1, MP-powered wands
a: Spit Poison, Renounce Religion, Divine Shield


You were on level 5 of the Dungeon.
You worshipped the Shining One.
The Shining One was pleased with you.
You visited 1 branch of the dungeon, and saw 5 of its levels.

You collected 156 gold pieces.

Inventory:

Hand Weapons
 f - a +1 dagger (weapon)
Missiles
 b - 6 curare-tipped darts
Armour
 c - a +0 helmet (worn)
 g - a +1 robe of resistance (worn)
Jewellery
 d - a ring of resist corrosion (left hand)
Scrolls
 a - 3 scrolls of enchant armour {unknown}
 e - a scroll of fog {unknown}
 h - a scroll of fear {unknown}
 j - 3 scrolls of teleportation
 m - 2 scrolls of identify {unknown}
Potions
 i - a potion of mutation


   Skills:
 - Level 2.0 Fighting
 - Level 2.0 Dodging
 + Level 7.8 Stealth
 + Level 5.6 Spellcasting
 - Level 2.0 Conjurations
 - Level 1.0 Transmutations
 + Level 2.8 Air Magic
 + Level 8.6 Poison Magic


You had 8 spell levels left.
You knew the following spells:

 Your Spells              Type           Power      Damage    Failure   Level
a - Sting                 Tmut/Pois      88%        1d7       1%          1
b - Poisonous Vapours     Pois/Air       50%        N/A       1%          2
c - Mephitic Cloud        Conj/Pois/Air  21%        N/A       6%          3
o - Olgreb's Toxic Radia  Pois           36%        N/A       3%          4

Your spell library contained the following spells:

 Spells                   Type           Power      Damage    Failure   Level
 Inner Flame              Hex/Fire       5%         N/A       36%         3
 Cause Fear               Hex            2%         N/A       77%         4
 Freezing Cloud           Conj/Ice/Air   5%         6-21      87%         5
 Simulacrum               Ice/Necr       2%         N/A       100%        6
 Discord                  Hex            2%         N/A       100%        8
 Polar Vortex             Ice            2%         N/A       100%        9


Dungeon Overview and Level Annotations

Branches:
Dungeon (5/15)             Temple (0/1) D:5

Altars:
Ashenzari
The Shining One

Shops:
D:2 [


Innate Abilities, Weirdness & Mutations

Your serpentine skin is tough. (AC +2)
You have supernaturally acute eyesight. (SInv)
Armour fits poorly on your strangely shaped body.
Your system is resistant to poisons. (rPois)
You cover ground very slowly.
You can spit poison.
You have a snake-like lower body.
Your magical capacity is low. (-10% MP)
You expend magic power (3 MP) to strengthen your wands.


Message History

Press: ? - help, Shift-Dir - straight line, f/p - water moccasin
Aim: a water moccasin (moderately wounded, poisoned, haloed, 72% to hit)
The sting hits the water moccasin.
The water moccasin looks even sicker.
The water moccasin is moderately wounded.
The water moccasin bites you but does no damage.
The water moccasin bites you.
* * * LOW HITPOINT WARNING * * *
Casting: Sting (safe; 1% risk of failure)
Confirm with . or Enter, or press ? or * to list all spells.
Aiming: Sting (safe; 1% risk of failure)
Press: ? - help, Shift-Dir - straight line, f/p - water moccasin
Aim: a water moccasin (moderately wounded, very poisoned, haloed, 72% to hit)
The sting hits the water moccasin.
The water moccasin partially resists.
The water moccasin looks even sicker.
The water moccasin is heavily wounded.
The water moccasin bites you.
* * * LOW HITPOINT WARNING * * *
The water moccasin bites you.
* * * LOW HITPOINT WARNING * * *
You feel better. The water moccasin bites you.
* * * LOW HITPOINT WARNING * * *
You are lethally poisoned!
The water moccasin poisons you! The water moccasin bites you.
* * * LOW HITPOINT WARNING * * *
Unknown command.
Blink to where?
Press: ? - help, Dir - move target, p - water moccasin
As you read the scroll labelled WEGUKK FUPH, it crumbles to dust.
It was a scroll of blinking.
* * * LOW HITPOINT WARNING * * *
You feel very sick.
It was a potion of cancellation.
You feel magically purged.
* * * LOW HITPOINT WARNING * * *
You feel sick.
Really quaff the potion of mutation?
You feel extremely strange.
You feel more encumbered by your armour.
You feel your magical essence link to the dungeon's wands.
You feel less energetic.
You die...

###.........#
#........
##.......)###....####
+#........##..###
#...#'#..)...# #.
#.#####..# #. .o #o.#
#. ... #..#
######.#########o.#
.......@....g.o...#
######......S.....#
##############


You could see a water moccasin (very poisoned), a gnoll and an orc.

Vanquished Creatures
  Grinder (D:5)
  Sigmund (D:2)
  An ice beast (D:3)
  A black bear (D:4)
  2 necrophages (D:5)
  A centaur (D:5)
  A kobold brigand (D:5)
  A scorpion (D:3)
  A wyvern skeleton (D:5)
  A bullfrog zombie (D:5)
  2 jellies
  2 hounds (D:5)
  An orc priest (D:4)
  2 iguanas
  A bullfrog skeleton (D:5)
  A scorpion zombie (D:5)
  An orc wizard (D:4)
  Robin (D:2)
  9 adders
  An adder zombie (D:5)
  A worm (D:3)
  5 dart slugs
  18 orcs
  7 endoplasms
  3 giant cockroaches
  12 goblins
  5 hobgoblins
  3 jackals (D:2)
  2 quokkas
  3 ball pythons
  7 bats
  5 frilled lizards
  9 kobolds
  5 rats
117 creatures vanquished.

Notes
Turn   | Place    | Note
-------+----------+-------------------------------------------
     0 | D:1      | oldriver the Naga Venom Mage began the quest for the Orb.
     0 | D:1      | Reached XP level 1. HP: 15/15 MP: 3/3
   364 | D:1      | Reached XP level 2. HP: 16/22 MP: 0/5
  1174 | D:1      | Learned a level 2 spell: Poisonous Vapours
  1233 | D:1      | Found a faded altar of an unknown god.
  1261 | D:1      | Prayed at the altar of an unknown god.
  1261 | D:1      | Became a worshipper of the Shining One
  1261 | D:1      | Reached * piety under the Shining One
  1576 | D:1      | Reached XP level 3. HP: 23/28 MP: 2/6
  2391 | D:2      | Reached XP level 4. HP: 36/36 MP: 4/8
  2918 | D:2      | Reached skill level 5 in Poison Magic
  3158 | D:2      | Found Anuahu Zor's Armour Shoppe.
  3442 | D:2      | Noticed Robin
  3494 | D:2      | Killed Robin
  3712 | D:2      | Noticed Sigmund
  3719 | D:2      | Gained mutation: Your movements are slightly less
                  | encumbered by armour. (ER -2) [potion of mutation]
  3723 | D:2      | Killed Sigmund
  3724 | D:2      | Reached skill level 5 in Stealth
  3724 | D:2      | Reached skill level 6 in Poison Magic
  3724 | D:2      | Reached XP level 5. HP: 11/42 MP: 4/10
  3724 | D:2      | Reached XP level 6. HP: 13/49 MP: 4/11
  4586 | D:3      | Noticed an ice beast
  4609 | D:3      | Killed an ice beast
  4610 | D:3      | Reached skill level 1 in Fighting
  5160 | D:3      | Learned a level 3 spell: Mephitic Cloud
  5165 | D:3      | Learned a level 4 spell: Olgreb's Toxic Radiance
  6029 | D:4      | Noticed a black bear
  6040 | D:4      | Killed a black bear
  6041 | D:4      | Reached XP level 7. HP: 47/58 MP: 3/13
  6049 | D:4      | Reached ** piety under the Shining One
  6187 | D:3      | Reached skill level 7 in Poison Magic
  7078 | D:5      | Entered Level 5 of the Dungeon
  7235 | D:5      | Noticed Grinder
  7250 | D:5      | Killed Grinder
  7251 | D:5      | Reached skill level 5 in Spellcasting
  7251 | D:5      | Reached skill level 1 in Conjurations
  7251 | D:5      | Reached skill level 1 in Air Magic
  7251 | D:5      | Reached XP level 8. HP: 47/67 MP: 6/15
  7447 | D:5      | Found a broken altar of Ashenzari.
  7665 | D:5      | Reached skill level 8 in Poison Magic
  8118 | D:5      | Found a staircase to the Ecumenical Temple.
  8828 | D:5      | The Shining One protects you from harm!
  8842 | D:5      | HP: 3/67 [water moccasin (3)]
  8845 | D:5      | HP: 1/67 [poisoned by a water moccasin]
  8846 | D:5      | Lost mutation: Your movements are slightly less encumbered
                  | by armour. (ER -2) [potion of mutation]
  8846 | D:5      | Gained mutation: You expend magic power (3 MP) to
                  | strengthen your wands. [potion of mutation]
  8846 | D:5      | Gained mutation: Your magical capacity is low. (-10% MP)
                  | [potion of mutation]
  8846 | D:5      | Succumbed to a water moccasin's poison

Illustrated notes

Levels and vault maps discovered:
D:1:      dpeg_arrival_radiant, layout_basic, basic_ecumenical_altar
D:2:      layout_loops_ring, serial_shops,
          nicolae_shop_competitors_out_of_business, minmay_bisected, uniq_robin,
          uniq_sigmund
D:3:      layout_basic
D:4:      layout_rooms
D:5:      layout_loops_ring, cheibrodos_ashenzari_chains,
          minmay_temple_entry_drinking_statues, chequers_arboretum,
          minmay_pentangle, uniq_grinder

Skill      XL: |  1  2  3  4  5  6  7  8 |
---------------+-------------------------+-----
Stealth        | 4 5 6 7 |  7.8
Poison Magic   | 6 7 8 |  8.6
Spellcasting   | 3 4 5 |  5.6
Fighting       | 1 2 |  2.0
Dodging        | 2 |  2.0
Conjurations   | 1 2 |  2.0
Air Magic      | 1 2 |  2.8
Transmutations | |  1.0

Action                   |  1- 3 |  4- 6 |  7- 9 || total
-------------------------+-------+-------+-------++-------
Melee: Unarmed           |     5 |       |       ||     5
       Dagger            |    16 |    29 |   101 ||   146
Throw: Dart              |     1 |       |       ||     1
 Cast: Sting             |    48 |    77 |   123 ||   248
       Poisonous Vapours |    14 |    43 |    22 ||    79
       Mephitic Cloud    |       |     1 |     2 ||     3
Invok: Divine Shield     |       |       |     1 ||     1
  Use: Potion            |       |     3 |     5 ||     8
       Scroll            |       |     2 |     1 ||     3
Armor: Robe              |     7 |    20 |    39 ||    66
Dodge: Dodged            |    29 |    38 |    78 ||   145
Block: Other             |       |       |     3 ||     3

Table legend: (Time is in decaauts)
 A = Elapsed time spent in this place.
 B = Non-inter-level travel time spent in this place.
 C = Inter-level travel time spent in this place.
 D = Time resting spent in this place.
 E = Time spent auto-exploring this place.
 F = Levels seen in this place.
 G = Mean time per level.
                   A        B        C        D        E       F      G
               +--------+--------+--------+--------+--------+-----+--------+
         Total |  10177 |   9842 |    335 |   2886 |   5751 |   5 | 2035.4 |
       Dungeon |  10177 |   9842 |    335 |   2886 |   5751 |   5 | 2035.4 |
               +--------+--------+--------+--------+--------+-----+--------+

Top non-repeatable levels by time:
     D:2: 2424 daAuts
     D:1: 2344 daAuts
     D:3: 2188 daAuts
     D:5: 1986 daAuts
     D:4: 1233 daAuts
